 Dungeon Crawl Stone Soup version 0.26-a0-1107-g6118521029 (webtiles) character file.

Game seed: 1498723729507396391

101 Dracia the Unweaver (level 4, 0/35 HPs)
             Began as a Demonspawn Abyssal Knight on Dec 16, 2020.
             Was a Follower of Lugonu.
             Slain by Natasha (4 damage)
             ... on level 2 of the Dungeon.
             The game lasted 00:01:56 (1783 turns).

Dracia the Unweaver (Demonspawn Abyssal Knight)     Turns: 1783, Time: 00:01:56

Health: 0/35       AC: 14    Str: 13    XL:     4   Next: 48%
Magic:  7/7        EV:  6    Int: 14    God:    Lugonu [*.....]
Gold:   130        SH:  0    Dex: 12    Spells: 3/3 levels left

rFire    + . .     SeeInvis .   a - +1 falchion
rCold    + . .     Faith    .   (no shield)
rNeg     . . .     Spirit   .   d - +0 chain mail
rPois    +         Reflect  .   (no helmet)
rElec    +         Harm     .   m - scarf {repulsion}
rCorr    +         Rampage  .   (no gloves)
Will     .....                  (no boots)
Stlth    ..........             (no amulet)
HPRegen  0.11/turn              R - ring of resist corrosion
MPRegen  0.10/turn              (no ring)

@: resistant, sanguine armour, attractive, slowed, invisible, repel missiles,
very slow
A: sanguine armour 1
a: Depart the Abyss, Renounce Religion


You were on level 2 of the Dungeon.
You worshipped Lugonu.
Lugonu was aware of your devotion.
You visited 1 branch of the dungeon, and saw 2 of its levels.
You visited the Abyss 1 time.

You collected 130 gold pieces.


Innate Abilities, Weirdness & Mutations

When seriously injured, your bleeding wounds create armour. (AC +6)


   Skills:
 - Level 3.0 Fighting
 + Level 3.3 Long Blades
 - Level 1.7 Armour
 - Level 0.8 Dodging
 + Level 4.7 Invocations


You had 3 spell levels left.
You didn't know any spells.
Your spell library was empty.

Inventory:

Hand Weapons
 a - a +1 falchion (weapon)
Armour
 b - a +0 leather armour
 c - a +0 cloak
 d - a +0 chain mail (worn)
 m - a scarf of repulsion (worn)
Jewellery
 R - a ring of resist corrosion (left hand)
Scrolls
 g - 3 scrolls of remove curse {unknown}
 h - a scroll of identify {unknown}
 i - a scroll of fog {unknown}
 k - a scroll of amnesia {unknown}
 l - a scroll of magic mapping {unknown}

Dungeon Overview and Level Annotations

Branches:
Dungeon (2/15)

Altars:
Yredelemnul

Annotations:
D:2 Natasha

#.#.#.#......###
#...............
....#..........####
.#.###..........##.#
#..............#....#
...###..####..#.....
.. #...........##.
###.# #h#####........
.... #@#####...#.##.
####..##.........# #
#......#..########
#..........
#....######
#......... ###
#...#..... #..
#.#.#..... #.###
#.#.......


You could see Natasha.


Message History

Natasha casts a spell at you.
You feel as though you will be slow longer.
The white imp gestures at you. The puff of frost misses you.
Natasha barely misses you.
You riposte.
Your chain mail prevents you from hitting Natasha.
Natasha closely misses you.
The shadow imp disappears in a puff of smoke!
The white imp gestures at you. The puff of frost hits you. You resist.
* * * LOW HITPOINT WARNING * * *
Natasha stares at you and mumbles some strange words.
The magic dart hits you.
* * * LOW HITPOINT WARNING * * *
It was a potion of attraction.
You feel attractive to monsters.
Natasha stares at you and mumbles some strange words.
You resist with some effort.
The white imp disappears in a puff of smoke!
Natasha claws you but does no damage. Natasha barely misses you.
You see here a robe.
You hit Natasha.
Natasha is lightly wounded.
Natasha barely misses you.
You riposte.
You hit Natasha.
Natasha is heavily wounded.
Natasha claws you but does no damage.
It was a potion of invisibility.
You fade into invisibility!
Natasha claws you.
You die...

Skill      XL: |  1  2  3 |
---------------+----------+-----
Long Blades    | 2 3 |  3.3
Invocations    | 3 4 |  4.7
Fighting       | |  3.0
Armour         | |  1.7
Dodging        | |  0.8

Action                   |  1- 3 |  4- 6 || total
-------------------------+-------+-------++-------
Melee: Falchion          |   103 |    20 ||   123
Invok: Depart the Abyss  |     1 |       ||     1
  Use: Potion            |       |     4 ||     4
Armor: Chain mail        |    70 |    19 ||    89
       Leather armour    |     4 |       ||     4
Dodge: Dodged            |    34 |    13 ||    47
       Rpst.: Falchion   |     8 |     3 ||    11

Levels and vault maps discovered:
D:1:      dpeg_arrival_tiny_d, layout_basic
D:2:      layout_basic, yredelemnul_altar_generic, general_overflow_altar,
          uniq_natasha, uniq_crazy_yiuf_cottage

Notes
Turn   | Place    | Note
-------+----------+-------------------------------------------
     0 | Abyss:1  | Dracia the Demonspawn Abyssal Knight began the quest for
                  | the Orb.
     0 | Abyss:1  | Reached XP level 1. HP: 18/18 MP: 2/2
    65 | Abyss:1  | Reached skill level 2 in Long Blades
   151 | Abyss:1  | Noticed a tentacled starspawn
   152 | D:1      | You pass through the gate.
   152 | D:1      | Escaped the Abyss
   177 | D:1      | Reached skill level 3 in Invocations
   177 | D:1      | Gained mutation: When seriously injured, your bleeding
                  | wounds create armour. (AC +6) [demonic ancestry]
   177 | D:1      | Reached XP level 2. HP: 24/24 MP: 2/4
   632 | D:1      | Reached * piety under Lugonu
   781 | D:1      | Reached XP level 3. HP: 29/29 MP: 5/5
  1098 | D:2      | Reached skill level 4 in Invocations
  1502 | D:2      | Found a basalt altar of Yredelemnul.
  1557 | D:2      | Noticed Natasha
  1564 | D:2      | Killed Natasha
  1565 | D:2      | Reached skill level 3 in Long Blades
  1565 | D:2      | Reached XP level 4. HP: 18/35 MP: 7/7
  1580 | D:2      | Noticed Natasha
  1598 | D:2      | Killed Natasha
  1758 | D:2      | Noticed Natasha
  1764 | D:2      | Identified a potion of resistance
  1777 | D:2      | HP: 3/35 [Natasha/magic dart (5)]
  1783 | D:2      | Slain by Natasha

Vanquished Creatures
  Natasha (twice) (D:2)
  An adder (D:2)
  A white imp (Abyss:1)
  2 dart slugs (D:1)
  5 bats
  A giant cockroach (D:2)
  7 hobgoblins (D:1)
  A kobold (D:1)
  2 frilled lizards (D:1)
  6 goblins (D:1)
  7 rats
35 creatures vanquished.

Table legend: (Time is in decaauts)
 A = Elapsed time spent in this place.
 B = Non-inter-level travel time spent in this place.
 C = Inter-level travel time spent in this place.
 D = Time resting spent in this place.
 E = Time spent auto-exploring this place.
 F = Levels seen in this place.
 G = Mean time per level.
                   A        B        C        D        E       F      G
               +--------+--------+--------+--------+--------+-----+--------+
         Total |   1814 |   1790 |     24 |    575 |    937 |   3 |  604.7 |
       Dungeon |   1661 |   1637 |     24 |    575 |    793 |   2 |  830.5 |
         Abyss |    152 |    152 |      0 |      0 |    144 |   1 |  152.0 |
               +--------+--------+--------+--------+--------+-----+--------+

Top non-repeatable levels by time:
     D:1: 922 daAuts
     D:2: 738 daAuts
 Abyss:1: 152 daAuts

Table legend:
 A = Non-vault XP
 B = Vault XP
 C = Vault XP percentage of total XP
 D = Non-vault monster count
 E = Vault monster count
 F = Vault count percentage of total count
                 A         B        C        D         E       F
            +---------+---------+-------+---------+---------+-------
      Total |     109 |      36 |  24.8 |      34 |       1 |   2.9
            +---------+---------+-------+---------+---------+-------
        D:1 |      47 |       0 |   0.0 |      28 |       0 |   0.0
        D:2 |      52 |      36 |  40.9 |       5 |       1 |  16.7
    Abyss:1 |      10 |       0 |   0.0 |       1 |       0 |   0.0
            +---------+---------+-------+---------+---------+-------
